 Dungeon Crawl Stone Soup version 0.20.1-1-g8b1a95d (console) character file.

174882 hilaritas the Severer (level 17, -2/165 HPs)
             Began as a Hill Orc Fighter on Aug 5, 2017.
             Was the Champion of Beogh.
             Slain by a salamander
             ... wielding a +3 spear
              (4 damage)
             ... on level 4 of the Snake Pit.
             The game lasted 01:44:52 (31229 turns).

hilaritas the Severer (Hill Orc Fighter)           Turns: 31229, Time: 01:44:52

Health: -2/165     AC: 31    Str: 31    XL:     17   Next: 79%
Magic:  27/27      EV: 10    Int: 11    God:    Beogh [******]
Gold:   895        SH: 15    Dex: 10    Spells: 11/16 levels left

rFire    + . .     SeeInvis .   O - +2 broad axe
rCold    . . .     Gourm    .   c - +0 shield
rNeg     . . .     Faith    +   K - +3 plate armour {rPois}
rPois    +         Spirit   .   W - +2 helmet {Int+3}
rElec    .         Reflect  .   U - +1 cloak {MR+}
rCorr    .         Harm     .   M - +1 pair of gloves
MR       +++..                  V - +2 pair of boots
Stlth    ..........             X - amulet of faith
Regen    0.4/turn               h - +3 ring of slaying
MPRegen  0.2/turn               e - ring of Pathrawn {rF+ MR+}

@: mighty, lethally poisoned (-2 -> -11), about to teleport, hasted,
constricted, very quick
A: walk on water, repulsion field 1, sense surroundings 1, evolution 1
}: 1/15 runes: decaying
a: Smiting, Recall Orcish Followers, Give Item to Named Follower, Resurrection,
Renounce Religion


You were on level 4 of the Snake Pit.
You worshipped Beogh.
Beogh was exalted by your worship.
You were not hungry.

You visited 5 branches of the dungeon, and saw 31 of its levels.
You also visited: Labyrinth, Ossuary, Bailey and Volcano.

You collected 3764 gold pieces.
You spent 2869 gold pieces at shops.

Inventory:

Hand Weapons
 B - a +3 scimitar of flaming
 O - a +2 broad axe (weapon)
Missiles
 H - 72 tomahawks of returning (quivered)
Armour
 c - a +0 shield (worn)
 K - a +3 plate armour of poison resistance (worn)
 M - a +1 pair of gloves (worn)
 U - a +1 cloak of magic resistance (worn)
 V - a +2 pair of boots (worn)
 W - a +2 helmet of intelligence (worn)
 Y - the +1 leather armour of San Pogogub {MR+ Regen+}
   (You found it on level 15 of the Dungeon)

   It affects your resistance to hostile enchantments.
   It increases your rate of regeneration.
Jewellery
 e - the ring of Pathrawn (right hand) {rF+ MR+}
   (You acquired it on level 7 of the Dungeon)

   [ring of protection from magic]

   It protects you from fire.
   It affects your resistance to hostile enchantments.
 h - a +3 ring of slaying (left hand)
 v - the ring "Rozof" {rF+ rN+}
   (You found it on level 15 of the Dungeon)

   [ring of protection from fire]

   It protects you from fire.
   It protects you from negative energy.
 L - the ring "Doleqeul" {rC++ AC+4 Str+4}
   (You found it on level 9 of the Dungeon)

   [ring of protection]

   It affects your AC (+4).
   It affects your strength (+4).
   It greatly protects you from cold.
 N - an uncursed ring of protection from magic
 X - an amulet of faith (around neck)
Wands
 g - a wand of acid (8/15)
 i - a wand of iceblast (8/15)
 t - a wand of clouds (4/9)
 u - a wand of scattershot (9/9)
 y - a wand of acid (9/15)
 J - a wand of disintegration (8/24)
 Q - a wand of lightning (5/15)
 R - a wand of acid (3/15)
Scrolls
 a - a scroll of holy word {unknown}
 o - 14 scrolls of remove curse
 q - 5 scrolls of identify
 z - 7 scrolls of recharging
 D - 15 scrolls of teleportation
 F - 3 scrolls of fear
 S - 2 scrolls of silence
 Z - 2 scrolls of blinking
Potions
 b - 15 potions of curing
 d - 5 potions of might
 j - 5 potions of heal wounds
 k - 5 potions of agility
 l - 11 potions of flight
 m - 3 potions of resistance
 n - 2 potions of cancellation
 p - 3 potions of invisibility
 x - 11 potions of mutation
 A - 2 potions of berserk rage
 E - 6 potions of ambrosia
 G - 3 potions of magic
 I - 8 potions of haste
 P - 3 potions of brilliance
Comestibles
 f - 22 bread rations
 s - 9 meat rations
 w - 4 royal jellies
 C - 8 fruits


   Skills:
 * Level 18.2 Fighting
 - Level 18.5 Axes
 + Level 13.2 Armour
 - Level 6.0 Dodging
 - Level 15.1 Shields
 - Level 13.6 Invocations


You had 11 spell levels left.
You knew the following spells:

 Your Spells              Type           Power        Failure   Level  Hunger
a - Blink                 Tloc           N/A          97%         2    ###....
b - Swiftness             Chrm/Air       #.......     97%         2    ###....
c - Apportation           Tloc           #.....       90%         1    ##.....


Dungeon Overview and Level Annotations

Branches:
Dungeon (15/15)            Temple (0/1) D:6            Lair (6/6) D:8
  Swamp (4/4) Lair:4        Snake (4/4) Lair:4        Slime (0/5) Lair:6
    Orc (2/2) D:9             Elf (0/3) Orc:2        Vaults (0/5) D:14
 Depths (0/5) D:15

Altars:
Cheibriados
Elyvilon
Gozag
Kikubaaqudgha
Makhleb
Nemelex Xobeh
Okawaru
Sif Muna
Trog
Xom
Yredelemnul
Beogh
Jiyva

Shops:
D:15 ![!   Orc:2 %([*}   Snake:2 :

Annotations:
Lair:1 exclusion: oklob plant


Innate Abilities, Weirdness & Mutations

You can walk on water.
You are surrounded by a mild repulsion field. (EV +2)
You passively map a small area around you.
You evolve.


Message History

The naga mage seems to speed up.
You block the salamander's attack.
A naga comes into view. It is wielding a scimitar.
As you read the scroll of teleportation, it crumbles to dust.
You feel strangely unstable.
You feel sick.
The salamander misses Agrik.
Agrik hits the naga sharpshooter with the +11 rapier "Zoerak" {flame, Dex+3}!!
Agrik burns the naga sharpshooter!
The nagaraja casts a spell at you. The bolt of poison hits you!
You are more poisoned.
You resist.
* * * LOW HITPOINT WARNING * * *
The nagaraja constricts you.
The naga sharpshooter mumbles some strange words.
The naga sharpshooter magically shoots an arrow.
The arrow hits you.
* * * LOW HITPOINT WARNING * * *
The salamander hits you from afar with an enchanted spear.
* * * LOW HITPOINT WARNING * * *
You are engulfed in flames.
You resist.
You die...

.. * , .. ,* ..... * . ..
#..#... * .# ... #..N...#
#.#.... #......# ####.......
* # ###....)N#####..)..$....
### .......NNoN...)........#
#.. #...#)..)NN@(.......###
##. .#......))).).....####
### ........).)...##### #.# ,
#....N)###### #.# #......#
#.# #...N..# #.# #......# #.#
#......# ######## #..
###.....†######......######.#


You could see a naga warrior, a nagaraja, 2 naga sharpshooters, 2 salamanders, a
naga mage, 2 nagas and the friendly Agrik the orc knight.

Vanquished Creatures
  the Lernaean hydra (Swamp:4)
  2 thorn hunters
  Azrael (D:15)
  An ettin (D:15)
  A minotaur (Lab)
  A yaktaur captain (D:15)
  2 rakshasas (D:15)
  2 vault guards (D:15)
  11 hydras
  A ghost crab (Swamp:2)
  3 naga warriors
  A catoblepas (D:13)
  2 anacondas (Snake:2)
  A centaur warrior (D:15)
  An ogre mage (D:15)
  An alligator (Swamp:1)
  5 two-headed ogres
  A deep troll earth mage (D:15)
  5 naga sharpshooters
  An orc high priest (Orc:2)
  2 shock serpents
  A sea snake (Snake:1)
  2 unseen horrors (D:12)
  A harpy (shapeshifter) (D:15)
  3 shambling mangroves
  Pikel (D:4)
  6 swamp dragons
  3 ugly things
  2 mana vipers (Snake:1)
  A cyclops (D:15)
  A manticore (D:14)
  A salamander (Snake:3)
  Maurice (D:10)
  A toenail golem (Volcano)
  19 black mambas
  3 naga magi
  3 spiny frogs
  A guardian serpent (Snake:4)
  2 centaur skeletons (D:15)
  7 gargoyles
  4 molten gargoyles (Volcano)
  A komodo dragon (Lair:3)
  3 efreet
  The ghost of Mesmaeker13 the Twirler, a novice GrWn (D:5)
  2 trolls
  2 polar bears
  A meliai (D:15)
  2 hornets
  3 blink frogs
  6 tyrant leeches
  A blink frog (shapeshifter) (D:15)
  3 bog bodies
  13 slime creatures
  8 hippogriffs
  2 shadows
  4 redbacks (Lab)
  4 spriggans
  6 fire elementals (Volcano)
  2 wraiths
  A vampire (D:15)
  27 yaks
  5 wyverns
  3 hogs (Snake:1)
  7 hungry ghosts
  A basilisk (Lair:5)
  Menkaure (D:6)
  Edmund (D:4)
  14 vampire mosquitoes
  6 insubstantial wisps
  20 nagas
  8 swamp worms
  2 wargs
  3 acid dragons
  3 porcupines
  2 water moccasins
  7 swamp drakes (Swamp:4)
  Purgy (D:4)
  A hell hound (D:15)
  5 orc warriors
  A slave (D:4)
  A floating eye (D:15)
  3 sky beasts
  4 black bears
  An eye of draining (D:12)
  5 ogres
  A necrophage (D:14)
  3 ice beasts
  3 phantoms
  3 boggarts
  13 wolves
  6 centaurs
  5 crocodiles
  2 big kobolds (D:15)
  15 bullfrogs
  An earth elemental (Volcano)
  2 scorpions
  8 killer bees
  3 wights
  2 crimson imps
  A howler monkey (D:5)
  3 jellies
  A centaur zombie (D:12)
  4 hounds
  2 human zombies (D:14)
  5 orc priests
  5 bullfrog skeletons
  6 iguanas
  7 orc wizards
  6 worker ants
  An ogre zombie (D:14)
  10 mummies
  A worker ant zombie (D:5)
  14 adders
  16 gnolls
  A howler monkey skeleton (D:4)
  3 shadow imps
  An adder zombie (D:8)
  A worm (D:3)
  3 adder skeletons
  2 dart slugs
  2 leopard geckos
  29 orcs
  A ball python (D:5)
  12 bats
  2 giant cockroaches
  A gnoll zombie (Ossuary)
  2 goblins (D:1)
  15 hobgoblins
  6 jackals
  8 quokkas
  7 frilled lizards
  2 hobgoblin zombies (Ossuary)
  21 kobolds
  3 kobold zombies (Ossuary)
  A leopard gecko skeleton (D:4)
  2 orc zombies (Ossuary)
  A quokka zombie (D:9)
  11 rats
  A spectral orc (D:4)
  5 briar patches (Swamp:2)
  2 fungi
  A plant (Lair:1)
601 creatures vanquished.

Vanquished Creatures (collateral kills)
  A thorn hunter (Swamp:1)
  Kirke (Snake:1)
  2 nagarajas (Snake:4)
  Aizul (Swamp:2)
  An orc warlord (Orc:2)
  The ghost of froobite the Carver, a journeyman MiBe of Trog (D:15)
  The ghost of CitizenNev the Bludgeoner, a journeyman GrFi of Okawaru (Lair:6)
  Snorg (Lair:4)
  The ghost of Savaroth the Cleaver, a journeyman MiBe of Trog (D:12)
  2 yaktaur captains
  Harold (Lair:1)
  2 vault guards (D:15)
  9 hydras
  Fannar (D:11)
  5 naga warriors
  A ghost crab (Swamp:4)
  2 centaur warriors
  2 anacondas
  A death knight (D:15)
  2 two-headed ogres
  5 alligators
  An orc high priest (Orc:2)
  A shock serpent (Snake:2)
  2 naga sharpshooters (Snake:3)
  A salamander mystic (Snake:4)
  A glowing orange brain (D:15)
  3 sea snakes (Snake:1)
  A spriggan druid (Swamp:2)
  A naga ritualist (Snake:4)
  2 swamp dragons (Swamp:4)
  2 orc knights
  4 deep elf magi
  4 mana vipers
  An orc sorcerer (Orc:2)
  3 manticores
  2 naga magi (Snake:4)
  11 black mambas
  12 spiny frogs
  2 gargoyles
  2 centaur skeletons
  A komodo dragon (shapeshifter) (D:15)
  2 kobold demonologists (D:15)
  2 yaktaurs (D:14)
  2 komodo dragons (Lair:2)
  4 trolls
  3 tyrant leeches
  9 hornets
  3 polar bears
  15 slime creatures
  3 bog bodies
  9 blink frogs
  3 dream sheep (Lair:6)
  2 hippogriffs
  2 shadows
  16 spriggans
  4 wraiths
  A vampire (D:10)
  3 wyverns
  A basilisk (Lair:3)
  38 yaks
  2 fire elementals (D:15)
  12 vampire mosquitoes
  15 nagas
  4 wargs
  A soldier ant (D:15)
  6 insubstantial wisps
  An acid dragon (D:13)
  3 floating eyes (D:15)
  A hell hound (D:15)
  3 swamp worms
  6 porcupines
  11 water moccasins
  7 swamp drakes
  4 black bears
  A sky beast (D:12)
  16 orc warriors
  5 ogres
  A phantom (D:11)
  24 wolves
  2 boggarts (Lair:6)
  A necrophage (D:11)
  2 centaurs
  A crocodile (shapeshifter) (D:15)
  A big kobold (D:15)
  7 crocodiles
  7 bullfrogs
  2 scorpions
  4 killer bees
  3 wights
  3 crimson imps
  2 centaur zombies
  A quasit (D:10)
  A bullfrog zombie (D:13)
  6 orc wizards
  A human zombie (D:14)
  An orc priest (Orc:2)
  A hound (D:9)
  A leopard gecko (D:9)
  15 orcs
  A briar patch (Swamp:2)
  A bush (Lair:4)
  30 fungi
  43 plants
482 creatures vanquished.

Vanquished Creatures (others)
  Nergalle (Orc:1)
  15 orc knights
  5 orc sorcerers
  A human (Snake:1)
  8 orc warriors
  11 orc priests
  12 orc wizards
  47 orcs
  A fungus (Lair:2)
  2 plants
103 creatures vanquished.

Grand Total: 1186 creatures vanquished

Notes
Turn   | Place    | Note
-------+----------+-------------------------------------------
     0 | D:1      | hilaritas the Hill Orc Fighter began the quest for the Orb.
     0 | D:1      | Reached XP level 1. HP: 19/19 MP: 1/1
   124 | D:1      | Reached XP level 2. HP: 25/26 MP: 2/2
   838 | D:2      | Found an opulent altar of Gozag.
   886 | D:2      | Reached XP level 3. HP: 31/31 MP: 3/3
   931 | D:2      | Found a shimmering altar of Xom.
   937 | D:2      | Found a shimmering altar of Xom.
   937 | D:2      | Found a shimmering altar of Xom.
  1333 | D:2      | Found a snail-covered altar of Cheibriados.
  1437 | D:2      | Reached skill level 5 in Axes
  1491 | D:2      | Found a shimmering altar of Xom.
  1553 | D:3      | Reached XP level 4. HP: 25/39 MP: 4/4
  2077 | D:3      | Reached XP level 5. HP: 24/45 MP: 5/5
  2105 | D:3      | Became a worshipper of Beogh the Brigand
  2420 | D:3      | Reached skill level 1 in Invocations
  2756 | D:4      | Noticed Edmund
  2776 | D:4      | Killed Edmund
  2776 | D:4      | Reached XP level 6. HP: 19/51 MP: 5/7
  3068 | D:4      | Noticed Purgy
  3086 | D:4      | Killed Purgy
  3086 | D:4      | Reached XP level 7. HP: 45/57 MP: 8/8
  3383 | D:4      | Reached * piety under Beogh
  3405 | D:4      | Found an ancient bone altar of Kikubaaqudgha.
  3479 | D:4      | Reached skill level 10 in Axes
  3718 | D:4      | Found a sparkling altar of Nemelex Xobeh.
  3761 | D:4      | Found a basalt altar of Yredelemnul.
  3784 | D:4      | Noticed Pikel
  3804 | D:4      | Killed Pikel
  3804 | D:4      | Reached skill level 5 in Fighting
  3804 | D:4      | Reached XP level 8. HP: 4/70 MP: 9/11
  4382 | D:4      | Reached skill level 5 in Invocations
  4628 | D:5      | Entered Level 5 of the Dungeon
  4927 | D:5      | Reached skill level 5 in Shields
  4927 | D:5      | Reached XP level 9. HP: 79/79 MP: 13/13
  4937 | D:5      | Found a burning altar of Makhleb.
  5230 | D:5      | Reached ** piety under Beogh
  5316 | D:5      | Noticed Mesmaeker13's ghost (novice GrWn)
  5334 | D:5      | Killed Mesmaeker13's ghost
  5334 | D:5      | Reached skill level 5 in Armour
  5699 | D:6      | Noticed Menkaure
  5706 | D:6      | Killed Menkaure
  5834 | D:6      | Found a staircase to the Ecumenical Temple.
  6049 | D:6      | Found a bloodstained altar of Trog.
  6091 | D:7      | Found a flagged portal.
  6145 | D:7      | Found a sand-covered staircase.
  6150 | Ossuary  | Entered an ossuary
  6443 | D:7      | Found an iron altar of Okawaru.
  6483 | Bailey   | Entered a bailey
  6771 | Bailey   | Reached *** piety under Beogh
  7008 | Bailey   | Reached XP level 10. HP: 23/91 MP: 15/15
  7559 | D:7      | Identified a scroll of acquirement
  7560 | D:7      | Got an ancient lapis lazuli ring
  7562 | D:7      | Identified the ring of Pathrawn {rF+ MR+} (You acquired it on level 7 of the Dungeon)
  8200 | D:8      | Gained mutation: You evolve. [potion of mutation]
  8200 | D:8      | Gained mutation: You are dopey. (Int -2) [potion of mutation]
  8200 | D:8      | Gained mutation: You are surrounded by a mild repulsion field. (EV +2) [potion of mutation]
  8253 | D:8      | Found a staircase to the Lair.
  8292 | D:8      | Gained mutation: You are robust. (+10% HP) [evolution]
  8352 | D:8      | Found a deep blue altar of Sif Muna.
  8877 | D:9      | Found a staircase to the Orcish Mines.
  8877 | D:9      | Noticed a two-headed ogre
  8883 | D:9      | Reached skill level 10 in Fighting
  8888 | D:9      | Killed a two-headed ogre
  8942 | D:9      | Got a clouded turquoise ring
  8944 | D:9      | Identified the ring "Doleqeul" {rC++ AC+4 Str+4} (You found it on level 9 of the Dungeon)
  8947 | D:9      | Noticed a two-headed ogre
  8954 | D:9      | Killed a two-headed ogre
  9157 | D:9      | Gained mutation: You possess an exceptional clarity of mind. [evolution]
  9320 | D:9      | Found an iron altar of Okawaru.
  9391 | D:9      | Noticed a gargoyle
  9395 | D:9      | Killed a gargoyle
  9395 | D:9      | Reached XP level 11. HP: 80/108 MP: 17/17
  9740 | D:9      | Reached **** piety under Beogh
 10046 | D:9      | Noticed a two-headed ogre
 10061 | D:9      | Killed a two-headed ogre
 10063 | D:9      | Gained Korbok as an ally
 10411 | D:10     | Entered Level 10 of the Dungeon
 10462 | D:10     | Found a white marble altar of Elyvilon.
 10496 | D:10     | Noticed Nergalle
 10878 | D:10     | Noticed Maurice
 10887 | D:10     | Killed Maurice
 10887 | D:10     | Reached skill level 10 in Shields
 11350 | D:11     | Noticed Fannar
 11378 | D:11     | Killed Fannar
 11378 | D:11     | Reached skill level 10 in Invocations
 11401 | D:11     | Noticed a two-headed ogre
 11406 | D:11     | Killed a two-headed ogre
 11654 | D:11     | Reached skill level 10 in Armour
 11684 | D:11     | Noticed a manticore
 11689 | D:11     | Killed a manticore
 11689 | D:11     | Reached ***** piety under Beogh
 11689 | D:11     | Reached skill level 1 in Dodging
 12215 | D:9      | Noticed a two-headed ogre
 12221 | D:9      | Killed a two-headed ogre
 12338 | Orc:1    | Entered Level 1 of the Orcish Mines
 12338 | Orc:1    | Noticed an orc knight
 12338 | Orc:1    | Noticed an orc sorcerer
 12343 | Orc:1    | Noticed an orc sorcerer
 12345 | Orc:1    | Your ally Korbok died
 12345 | Orc:1    | Your ally died
 12354 | Orc:1    | Reached XP level 12. HP: 56/116 MP: 19/19
 12648 | Orc:2    | Entered Level 2 of the Orcish Mines
 13393 | Orc:2    | Found a roughly hewn altar of Beogh.
 13438 | Orc:2    | Found a roughly hewn altar of Beogh.
 13497 | Orc:2    | Noticed an orc warlord
 13498 | Orc:2    | Noticed an orc high priest
 13501 | Orc:2    | Noticed an orc high priest
 13511 | Orc:2    | Killed an orc warlord
 13518 | Orc:2    | Killed an orc high priest
 13520 | Orc:2    | Killed an orc high priest
 13817 | Orc:2    | Found Hygymn's Antique Weapon Boutique.
 13818 | Orc:2    | Found a roughly hewn altar of Beogh.
 13819 | Orc:2    | Found Foigin's Antique Armour Shop.
 13827 | Orc:2    | Bought a pair of runed boots for 202 gold pieces
 13827 | Orc:2    | Bought a shiny helmet for 202 gold pieces
 13899 | Orc:2    | Found Vusmalat's Gadget Shoppe.
 13957 | Orc:2    | Found a roughly hewn altar of Beogh.
 13985 | Orc:2    | Found a staircase to the Elven Halls.
 14072 | Orc:2    | Found a roughly hewn altar of Beogh.
 14107 | Orc:2    | Found a roughly hewn altar of Beogh.
 14109 | Orc:2    | Found Gyocam's General Store.
 14123 | Orc:2    | Bought a scroll of acquirement for 728 gold pieces
 14124 | Orc:2    | Got a transparent hat
 14135 | Orc:2    | Identified the -5 hat of the Known World {rPois Str+3} (You acquired it on level 2 of the Orcish Mines)
 14224 | Orc:2    | Found a roughly hewn altar of Beogh.
 14263 | Orc:2    | Found a roughly hewn altar of Beogh.
 14276 | Orc:2    | Found Zaetota's Food Emporium.
 14375 | Lair:1   | Entered Level 1 of the Lair of Beasts
 14396 | Lair:1   | Gained Ortolf as an ally
 14629 | Lair:1   | Noticed Harold
 14639 | Lair:1   | Killed Harold
 14731 | Lair:1   | Learned a level 2 spell: Blink
 14737 | Lair:1   | Got an iridescent rapier
 15215 | Lair:2   | Gained Bogwald as an ally
 15833 | Lair:3   | Found a labyrinth entrance.
 15834 | Lair:3   | Gained Warbeogh as an ally
 15849 | Lab      | Entered a labyrinth
 15889 | Lab      | Reached XP level 13. HP: 124/124 MP: 21/21
 15949 | Lab      | Got an ichor-stained halberd
 15981 | Lab      | Found an exit through the horrors of the Abyss.
 16009 | Lab      | Reached ****** piety under Beogh
 16147 | Lab      | Noticed a minotaur
 16159 | Lab      | Killed a minotaur
 16216 | Lab      | Gained mutation: You passively map a small area around you. [evolution]
 16436 | Lair:3   | Your ally Bogwald died
 17104 | Lair:4   | Found a staircase to the Snake Pit.
 17208 | Lair:4   | Found a staircase to the Swamp.
 17358 | Lair:4   | Noticed Snorg
 17364 | Lair:4   | Killed Snorg
 17813 | Lair:4   | Reached skill level 15 in Shields
 17813 | Lair:4   | Reached XP level 14. HP: 119/133 MP: 22/24
 18231 | Lair:5   | Found a dark tunnel.
 18237 | Volcano  | Entered a volcano
 18281 | Volcano  | Gained Margrim as an ally
 18298 | Volcano  | Gained Jorge as an ally
 18335 | Volcano  | Your ally Jorge died
 18346 | Volcano  | Your ally Margrim died
 18768 | Lair:5   | Learned a level 2 spell: Swiftness
 19066 | Lair:5   | Got an encrusted hunting sling
 19268 | Lair:5   | Found a shimmering altar of Xom.
 19459 | Lair:6   | Entered Level 6 of the Lair of Beasts
 19469 | Lair:6   | Noticed CitizenNev's ghost (journeyman GrFi)
 19475 | Lair:6   | Killed CitizenNev's ghost
 19654 | Lair:6   | Gained Brandogh as an ally
 19657 | Lair:6   | Gained Brandogh as an ally
 19688 | Lair:6   | Reached XP level 15. HP: 101/140 MP: 25/25
 19989 | Lair:6   | Your ally Bogwald died
 20444 | Lair:6   | Found a viscous altar of Jiyva.
 20444 | Lair:6   | Found a staircase to the Slime Pits.
 20920 | D:12     | Noticed Savaroth's ghost (journeyman MiBe)
 20927 | D:12     | Killed Savaroth's ghost
 21279 | D:12     | Gained Murdo as an ally
 21316 | D:12     | Reached skill level 15 in Axes
 21723 | D:13     | Gained Koronagh as an ally
 21891 | D:13     | Learned a level 1 spell: Apportation
 22132 | D:14     | Found a gate to the Vaults.
 22747 | D:14     | Found an ancient bone altar of Kikubaaqudgha.
 23021 | D:15     | Entered Level 15 of the Dungeon
 23034 | D:15     | Paralysed by a floating eye for 2 turns
 23137 | D:15     | Noticed froobite's ghost (journeyman MiBe)
 23148 | D:15     | Killed froobite's ghost
 23202 | D:15     | Paralysed by a floating eye for 3 turns
 23260 | D:15     | Found a staircase to the Depths.
 23287 | D:15     | Paralysed by a floating eye for 3 turns
 23316 | D:15     | Found Vuummuke's Armour Shop.
 23323 | D:15     | Bought a +1 cloak of magic resistance for 198 gold pieces
 23503 | D:15     | Found Worrokux's Distillery.
 23515 | D:15     | Got an ichor-stained leather armour
 23517 | D:15     | Bought a potion of heal wounds for 75 gold pieces
 23517 | D:15     | Bought a potion of heal wounds for 75 gold pieces
 23517 | D:15     | Bought 3 potions of haste for 450 gold pieces
 23517 | D:15     | Bought a potion of resistance for 150 gold pieces
 23517 | D:15     | Bought a potion of haste for 150 gold pieces
 23517 | D:15     | Bought a potion of degeneration for 15 gold pieces
 23557 | D:15     | Gained Marbaugh as an ally
 23560 | D:15     | Got a flickering turquoise ring
 23562 | D:15     | Identified the ring "Rozof" {rF+ rN+} (You found it on level 15 of the Dungeon)
 23595 | D:15     | Noticed Azrael
 23605 | D:15     | Killed Azrael
 23623 | D:15     | Lost mutation: You are dopey. (Int -2) [evolution]
 23726 | D:15     | Reached XP level 16. HP: 142/152 MP: 26/26
 23783 | D:15     | Found Pagi's Distillery.
 23797 | D:15     | Bought a potion of haste for 130 gold pieces
 23797 | D:15     | Bought a potion of agility for 52 gold pieces
 23797 | D:15     | Bought a potion of degeneration for 13 gold pieces
 23797 | D:15     | Bought a potion of heal wounds for 65 gold pieces
 23797 | D:15     | Bought a potion of heal wounds for 65 gold pieces
 23797 | D:15     | Bought a potion of haste for 130 gold pieces
 23797 | D:15     | Bought a potion of haste for 130 gold pieces
 23797 | D:15     | Bought a potion of curing for 39 gold pieces
 23842 | D:15     | Got a twitching granite ring
 23844 | D:15     | Identified the ring "Paalot" {Fire Dex+4} (You found it on level 15 of the Dungeon)
 23987 | D:15     | Got a crude gossamer ring
 23989 | D:15     | Identified the cursed ring of Gluttony {rF+ EV-6 Int+2} (You found it on level 15 of the Dungeon)
 24282 | Lair:3   | Gained Bogdar as an ally
 24311 | Swamp:1  | Entered Level 1 of the Swamp
 24419 | Swamp:1  | Identified the +1 leather armour of San Pogogub {MR+ Regen+} (You found it on level 15 of the Dungeon)
 24467 | Swamp:1  | Your ally Bogwald died
 24468 | Swamp:1  | Killed a thorn hunter
 24772 | Swamp:1  | Got a twisted scarf
 24783 | Swamp:1  | Identified the scarf of Supple Strength {+Blink +Inv Dex-4} (You acquired it on level 1 of the Swamp)
 25117 | Swamp:2  | Identified the +11 rapier "Zoerak" {flame, Dex+3} (You found it on level 1 of the Lair of Beasts)
 25162 | Swamp:2  | Noticed Aizul
 25174 | Swamp:2  | Killed Aizul
 25448 | Swamp:2  | Got a dazzling ring mail
 26092 | Swamp:2  | Noticed a thorn hunter
 26116 | Swamp:2  | Killed a thorn hunter
 27087 | Swamp:3  | Lost mutation: You possess an exceptional clarity of mind. [evolution]
 27145 | Swamp:4  | Entered Level 4 of the Swamp
 27489 | Swamp:4  | Reached skill level 15 in Fighting
 27543 | Swamp:4  | Noticed the 27-headed Lernaean hydra
 27543 | Swamp:4  | Your ally Brandogh died
 27543 | Swamp:4  | Your ally Murdo died
 27544 | Swamp:4  | Your ally Warbeogh died
 27545 | Swamp:4  | Your ally Brandogh died
 27547 | Swamp:4  | Your ally Ortolf died
 27553 | Swamp:4  | Your ally Koronagh died
 27560 | Swamp:4  | Your ally Bogdar died
 27566 | Swamp:4  | Killed the 24-headed Lernaean hydra
 27591 | Swamp:4  | Reached XP level 17. HP: 42/173 MP: 27/27
 27720 | Swamp:4  | Identified Pogymot's Disquisition on Floating Boosts
 27756 | Swamp:4  | Identified the cursed +0 ring mail "Qeeriquw" {*Contam rElec Int+9} (You found it on level 2 of the Swamp)
 28115 | Swamp:4  | Got a decaying rune of Zot
 28312 | Snake:1  | Entered Level 1 of the Snake Pit
 28316 | Snake:1  | Noticed Kirke
 28330 | Snake:1  | Killed Kirke
 29771 | Snake:2  | Found Imupotz's Book Emporium.
 30321 | Snake:3  | Gained Agrik as an ally
 30918 | Snake:4  | Entered Level 4 of the Snake Pit
 31070 | Snake:4  | Lost mutation: You are robust. (+10% HP) [evolution]
 31202 | Snake:4  | Your ally Ortolf died
 31208 | Snake:4  | Your ally Koronagh died
 31215 | Snake:4  | Your ally Marbaugh died
 31229 | Snake:4  | HP: 6/165 [nagaraja/bolt of poison (8)]
 31229 | Snake:4  | HP: 2/165 [salamander/enchanted spear (3)]
 31229 | Snake:4  | Slain by a salamander

Skill      XL: |  1  2  3  4  5  6  7  8  9 10 11 12 13 14 15 16 17 |
---------------+----------------------------------------------------+-----
Axes           | 3 4 5 6 8 9 10 13 18 | 18.5
Invocations    | 1 2 4 5 7 9 10 11 13 | 13.6
Fighting       | 5 7 9 10 11 15 18 | 18.2
Armour         | 4 6 8 10 11 13 | 13.2
Shields        | 4 5 6 9 11 13 15 | 15.1
Dodging        | 1 4 6 |  6.0

Action                   |  1- 3 |  4- 6 |  7- 9 | 10-12 | 13-15 | 16-18 || total
-------------------------+-------+-------+-------+-------+-------+-------++-------
Melee: War axe           |   129 |   149 |   406 |   304 |       |       ||   988
       Broad axe         |       |       |       |   354 |   890 |   681 ||  1925
       Flail             |       |       |       |       |     2 |       ||     2
       Scimitar          |       |       |       |       |     5 |    58 ||    63
Throw: Tomahawk          |       |       |       |     3 |       |       ||     3
Invok: Convert to Beogh  |       |     1 |       |       |       |       ||     1
       Recall Orcish Fol |       |       |       |     2 |     2 |     3 ||     7
       Give Item to Name |       |       |       |     2 |     6 |     2 ||    10
       Resurrection      |       |       |       |       |     2 |     2 ||     4
       Smiting           |       |       |       |       |     1 |       ||     1
  Use: Potion            |       |     1 |     5 |     6 |     5 |    13 ||    30
       Scroll            |       |       |    11 |    15 |    14 |    15 ||    55
 Stab: Distracted        |       |       |       |     1 |     2 |     4 ||     7
       Paralysed         |       |       |       |       |     3 |       ||     3
       Confused          |       |       |       |       |     1 |       ||     1
  Eat: Chunk             |     2 |     5 |    11 |    18 |    24 |    16 ||    76
       Royal jelly       |       |       |     1 |     5 |     1 |     1 ||     8
       Fruit             |       |       |       |     5 |     3 |     7 ||    15
       Meat ration       |       |       |       |       |     1 |       ||     1
Armor: Chain mail        |    76 |   112 |    98 |       |       |       ||   286
       Plate armour      |       |       |    67 |   311 |   392 |   392 ||  1162
Dodge: Dodged            |    32 |    49 |   112 |   247 |   295 |   267 ||  1002
Block: Shield            |    69 |    77 |   204 |   442 |   629 |   519 ||  1940
       Rpst.: Scimitar   |       |       |       |       |       |    13 ||    13
